 Dungeon Crawl Stone Soup version 0.22.1-2-g9c5b331 (webtiles) character file.

45 nightchill the Ruffian (level 3, -1/31 HPs)
             Began as a Ghoul Warper on Nov 23, 2018.
             Splashed by a jelly's acid (7 damage)
             ... on level 2 of the Dungeon.
             The game lasted 00:04:10 (1059 turns).

nightchill the Ruffian (Ghoul Warper)               Turns: 1059, Time: 00:04:11

Health: -1/31      AC:  0    Str: 14    XL:     3   Next: 64%
Magic:  4/4        EV: 11    Int:  9    God:
Gold:   40         SH:  0    Dex:  8    Spells: 5/5 levels left

rFire    . . .     SeeInvis .     - Unarmed
rCold    + . .     Gourm    .   (no shield)
rNeg     + + +     Faith    .   a - +0 leather armour
rPois    ∞         Spirit   .   (no helmet)
rElec    .         Reflect  .   (no cloak)
rCorr    .         Harm     .   (no gloves)
MR       .....                  (no boots)
Stlth    +.........             (no amulet)
HPRegen  0.00/turn              (no ring)
MPRegen  0.09/turn              (no ring)

@: corroded, rotting
A: rotting body, claws 1, carnivore, cold resistance 1, negative energy
resistance 3, inhibited regeneration, torment resistance, unbreathing
a: no special abilities


You were on level 2 of the Dungeon.
You were not hungry.

You visited 1 branch of the dungeon, and saw 2 of its levels.

You collected 40 gold pieces.

Inventory:

Missiles
 b - 33 arrows
 d - 5 tomahawks of dispersal (quivered)
 h - 22 sling bullets
 k - 36 stones
Armour
 a - a +0 leather armour (worn)
 i - a +0 leather armour
Jewellery
 o - an uncursed ring of magical power {unknown}
Scrolls
 c - a scroll of blinking
 j - a scroll of enchant armour {unknown}
 m - a scroll of magic mapping {unknown}
Potions
 e - a potion of magic {unknown}
 l - a potion of lignification {unknown}
 n - a potion of haste {unknown}
 p - a potion of degeneration {unknown}
Comestibles
 f - 2 rations
 g - 6 chunks of flesh


   Skills:
 + Level 3.0 Fighting
 - Level 0.8 Throwing
 - Level 0.8 Armour
 - Level 1.7 Dodging
 * Level 3.7 Unarmed Combat
 - Level 1.7 Spellcasting
   Level 2.6 Translocations


You had 5 spell levels left.
You didn't know any spells.
Your spell library contained the following spells:

 Spells                   Type           Power        Failure   Level  Hunger
 Blink                    Tloc           N/A          22%         2    ###....
 Shroud of Golubria       Chrm/Tloc      #.........   36%         2    ###....
 Gell's Gravitas          Tloc           #.........   38%         3    ####...
 Lesser Beckoning         Tloc           #.........   38%         3    ####...
 Teleport Other           Tloc           #.......     38%         3    ####...
 Passage of Golubria      Tloc           N/A          80%         4    #####..


Dungeon Overview and Level Annotations

Branches:
Dungeon (2/15)

Altars:


Innate Abilities, Weirdness & Mutations

Your body is rotting away.
You thrive on raw meat.
You are immune to poison.
You have sharp fingernails.
You are carnivorous and can eat meat at any time.
Your flesh is cold resistant. (rC+)
You are immune to negative energy. (rN+++)
You do not regenerate when monsters are visible.
You are immune to unholy pain and torment.
You can survive without breathing.


Message History

The jelly hits you. The acid corrodes you!
You are splashed with acid!
The acid burns!
* * * LOW HITPOINT WARNING * * *
You scratch the dart slug but do no damage.
The jelly barely misses you.
You scratch the dart slug.
The dart slug is heavily wounded.
The dart slug closely misses you. The jelly closely misses you.
You scratch the dart slug but do no damage.
The dart slug is heavily wounded.
The dart slug misses you.
You scratch the dart slug.
The dart slug is severely wounded.
The jelly closely misses you.
You scratch the dart slug.
You kill the dart slug!
The jelly hits you.
* * * LOW HITPOINT WARNING * * *
You are splashed with acid!
The acid burns!
You die...

### ..# # #.# ###. #.# .#
....##.#### #.#..
####....... #.##.##
.........#######.# ..#
......=..†@......###.# #)#
.........##J.........## #.#
.........##...........# #.#
.........##...........###.#
.....(...##..........÷.##.#
......)..##.........##.##.#
.....#######........##..#.#
##### #.......####....
#.......####....


You could see a jelly.

Vanquished Creatures
  An adder (D:2)
  An ooze (D:2)
  3 dart slugs
  A leopard gecko (D:2)
  A ball python (D:2)
  4 bats (D:1)
  3 goblins
  2 hobgoblins
  5 kobolds
  4 frilled lizards
  2 rats
27 creatures vanquished.

Notes
Turn   | Place    | Note
-------+----------+-------------------------------------------
     0 | D:1      | nightchill the Ghoul Warper began the quest for the Orb.
     0 | D:1      | Reached XP level 1. HP: 17/17 MP: 2/2
   279 | D:1      | Reached XP level 2. HP: 21/25 MP: 3/3
   909 | D:2      | Reached XP level 3. HP: 30/30 MP: 4/4
  1059 | D:2      | Splashed by a jelly's acid

Skill      XL: |  1  2  3 |
---------------+----------+-----
Unarmed Combat | 3 |  3.7
Fighting       | 3 |  3.0
Throwing       | |  0.8
Armour         | |  0.8
Dodging        | |  1.7
Spellcasting   | |  1.7
Translocations | |  2.6

Action                   || total
-------------------------++-------
Melee: Unarmed           ||   103
       Punch             ||     3
  Eat: Chunk             ||     5
Armor: Leather armour    ||    38
Dodge: Dodged            ||    72
